 Dungeon Crawl Stone Soup version 0.29.0-4-gdea44cf6ec (webtiles) character file.

Game seed: 14749485227623676360

10193 qw the Grappler (level 11, -7/103 (105) HPs)
             Began as a Troll Cinder Acolyte on Sept 1, 2022.
             Was a Follower of Ignis.
             Mangled by a death yak (14 damage)
             ... in a Gauntlet.
             The game lasted 00:04:28 (7542 turns).

qw the Grappler (Troll Cinder Acolyte)              Turns: 7542, Time: 00:04:29

HP:   -7/103 (105)  AC: 17    Str: 28    XL:     11   Next: 33%
MP:   2/2           EV:  8    Int: 10    God:    Ignis [*.....]
Gold: 890           SH:  9    Dex:  5    Spells: 12/12 levels left

rFire   + . .      SeeInvis .     - Unarmed
rCold   + . .      Faith    .   r - +0 kite shield
rNeg    . . .      Spirit   .   k - +2 robe {Will+}
rPois   +          Reflect  .   (helmet restricted)
rElec   .          Harm     .   b - +2 cloak
rCorr   +          Rampage  .   (gloves unavailable)
Will    +....      NoTele   +   (boots unavailable)
Stlth   ++........              (no amulet)
HPRegen 1.07/turn               s - ring of Moral Flaws {Contam rPois rC+ MP-9 Stlth+}
MPRegen 0.08/turn               n - ring of resist corrosion

@: fiery-armoured, lightly drained
A: large, unfitting armour, claws 3, regeneration 1, shaggy fur 2, tough skin 1,
antennae 1
a: Renounce Religion, Fiery Armour, Foxfire Swarm, Rising Flame


You were in a Gauntlet.
You worshipped Ignis.
Ignis was aware of your devotion.
You visited 2 branches of the dungeon, and saw 9 of its levels.
You also visited: Gauntlet.

You collected 890 gold pieces.


Innate Abilities, Weirdness & Mutations

You are too large for most types of armour.
You have claws for hands.
Your natural rate of healing is unusually fast.
You are covered in thick fur. (AC +2)
You have tough skin. (AC +1)
You have a pair of small antennae on your head.


   Skills:
 - Level 5.7 Fighting
 - Level 5.1 Throwing
 - Level 1.4 Dodging
 - Level 9.1 Shields
 + Level 12.4 Unarmed Combat
 - Level 1.0 Spellcasting
 - Level 2.1 Fire Magic


You had 12 spell levels left.
You didn't know any spells.
Your spell library contained the following spells:

 Spells                   Type           Power      Damage    Failure   Level
 Scorch                   Fire           8%         2d5       38%         2

Inventory:

Missiles
 l - 3 large rocks
 m - 5 boomerangs
 o - 2 silver boomerangs (quivered)
Armour
 b - a +2 cloak (worn)
 k - a +2 robe of willpower (worn)
 r - a +0 kite shield (worn)
Jewellery
 c - a ring of ice
 n - a ring of resist corrosion (right claw)
 q - a ring of poison resistance
 s - the ring of Moral Flaws (left claw) {Contam rPois rC+ MP-9 Stlth+}
   (You found it on level 7 of the Dungeon)

   [ring of protection from cold]

   rC:        It protects you from cold.
   rPois:     It protects you from poison.
   MP:        It affects your magic capacity (-9).
   Contam:    It causes magical contamination when unequipped.
   Stlth:     It makes you more stealthy.
Scrolls
 h - 3 scrolls of teleportation
 j - 2 scrolls of identify
Potions
 d - 3 potions of might
 e - 6 potions of curing
 f - a potion of heal wounds
 g - a potion of haste
 p - 3 potions of mutation

Dungeon Overview and Level Annotations

Branches:
Dungeon (8/15)             Temple (0/1) D:6            Lair (1/5) D:8
Gauntlet (1/1)

Altars:
Cheibriados
Fedhas
Gozag
Nemelex Xobeh
Okawaru
Ru
Trog
Uskayaw
Wu Jian
Zin

Annotations:
Gauntlet 9 transporters


Message History

The death yak is heavily wounded.
The death yak gores you.
The death yak is burned by your cloak of flames.
The death yak is lightly wounded.
You block the death yak's attack. x2
You claw the death yak!
The death yak is heavily wounded.
The death yak gores you but does no damage.
The death yak is burned by your cloak of flames.
The death yak is severely wounded.
You block the death yak's attack.
The death yak gores you but does no damage.
The death yak is burned by your cloak of flames.
The death yak is lightly wounded.
You scratch the death yak but do no damage.
The death yak is severely wounded.
The death yak gores you! x2
The death yak is burned by your cloak of flames.
The death yak is lightly wounded.
The death yak gores you.
7540 ||| DRINKING 2 potions of heal wounds.
You feel much better.
The death yak's soul is no longer bound.
The death yak gores you but does no damage.
The death yak gores you!! The death yak completely misses you.
You scratch the death yak.
The death yak is severely wounded.
The death yak closely misses you.
The death yak gores you but does no damage.
The death yak is burned by your cloak of flames.
The death yak is lightly wounded.
You block the death yak's attack.
You mangle the death yak!!
The death yak is almost dead.
The death yak's soul is no longer bound.
The death yak gores you.
The death yak is burned by your cloak of flames.
The death yak is almost dead.
The death yak gores you!! The death yak gores you!
You die...

.#..[/^..ww#...#.../^)[..#..#
.###########...###########..###
.............~....#.^.#.....#8#
~...........~8~...#...#.8...###
.............~....#.^.#.....#
.###########...###########..###
.#....#.S..#...#Y........#..#8#
.#...#.#...#...#YYY......#..###
##..#.^.#.G#...#@#######.#..#
.#.#..#..#.#...##Y#.#.#.##..###
^##..#.#..##...#....^Y...#..#8#
.#..#...#..#...#.#.#.#.#.#..###
##.#P.#..#.#...#.#######.#..#
.##..#.#..##...#.........#..###
.#?.#.^.#..#...#..![^=[..#..#8#
.###########...###########..###
............................#


You could see 5 death yaks and a floating eye.

Vanquished Creatures
  A blizzard demon (Gauntlet)
  A boulder beetle (D:7)
  2 two-headed ogres (D:8)
  A necromancer (Gauntlet)
  A cyclops (D:7)
  2 komodo dragons (Lair:1)
  A slime creature (D:7)
  A wraith (D:7)
  A shadow (D:7)
  2 wyverns
  5 yaks
  A steam dragon (D:6)
  A water moccasin (Lair:1)
  3 acid dragons (D:7)
  Duvessa (D:5)
  2 sky beasts
  A black bear (Lair:1)
  2 ice beasts
  2 ogres
  11 wolves (Lair:1)
  A centaur (D:6)
  A phantom (D:5)
  A kobold brigand (D:8)
  A necrophage (D:6)
  4 bullfrogs
  5 scorpions
  2 gnoll sergeants
  8 wights
  Dowan (D:5)
  2 howler monkeys (D:5)
  6 hounds
  A jelly (D:5)
  A gnoll bouda (D:7)
  10 orc priests
  8 iguanas
  7 orc wizards
  Natasha (thrice) (D:2)
  14 gnolls
  9 adders
  A shadow imp (D:5)
  A white imp (D:6)
  3 ufetubi
  2 worms
  4 dart slugs
  21 orcs
  7 ball pythons
  8 endoplasms
  3 giant cockroaches (D:1)
  6 goblins
  4 hobgoblins
  4 jackals (D:5)
  5 quokkas
  2 bats
  4 frilled lizards
  4 kobolds
  5 rats
211 creatures vanquished.

Vanquished Creatures (others)
  7 fungi
  29 plants
36 creatures vanquished.

Grand Total: 247 creatures vanquished

Notes
Turn   | Place    | Note
-------+----------+-------------------------------------------
     0 | D:1      | qw the Troll Cinder Acolyte began the quest for the Orb.
     0 | D:1      | Reached XP level 1. HP: 22/22 MP: 1/1
     0 | D:1      | 0 ||| qw: Version: 0.1-a-97-g2dd2ca4
     0 | D:1      | 0 ||| qw: Game counter: 4879
     0 | D:1      | 0 ||| qw: Always use a shield: true
     0 | D:1      | 0 ||| qw: God list: Okawaru
     0 | D:1      | 0 ||| qw: Allow faded altars: false
     0 | D:1      | 0 ||| qw: Do Orc after D:15 true
     0 | D:1      | 0 ||| qw: Do second Lair branch before Depths: true
     0 | D:1      | 0 ||| qw: Lair rune preference: random
     0 | D:1      | 0 ||| qw: Plans: Normal
     0 | D:1      | 0 ||| PLANNING D:1-11
   102 | D:1      | 102 ||| Stepping ~*~*~tactically~*~*~ (hiding).
   112 | D:1      | Reached XP level 2. HP: 27/29 MP: 2/2
   303 | D:1      | Reached skill level 4 in Unarmed Combat
   308 | D:1      | 308 ||| Stepping ~*~*~tactically~*~*~ (stealth).
   323 | D:1      | Found a faded altar of an unknown god.
   364 | D:1      | 364 ||| Stepping ~*~*~tactically~*~*~ (stealth).
   369 | D:1      | Reached XP level 3. HP: 36/36 MP: 3/3
   404 | D:1      | 404 ||| Stepping ~*~*~tactically~*~*~ (stealth).
   501 | D:1      | 501 ||| READING scroll labelled QYHUSI LUSHUIQ.
   502 | D:1      | 502 ||| READING scroll labelled MIELARA ACSEDU.
   503 | D:1      | 503 ||| READING scroll labelled YSESHR OHAVAC.
   504 | D:1      | 504 ||| READING scroll labelled LAENTY TUNO.
   507 | D:1      | 507 ||| READING scroll labelled OSKUBU CEBEQ.
   518 | D:1      | 518 ||| Stepping ~*~*~tactically~*~*~ (stealth).
   519 | D:1      | 519 ||| Stepping ~*~*~tactically~*~*~ (stealth).
   543 | D:2      | 543 ||| STAIRDANCE
   561 | D:2      | 561 ||| STAIRDANCE
   640 | D:2      | Noticed Natasha
   641 | D:2      | 641 ||| FLEEEEING.
   643 | D:2      | 643 ||| Stepping ~*~*~tactically~*~*~ (hiding).
   650 | D:2      | Killed Natasha
   651 | D:2      | Reached skill level 5 in Unarmed Combat
   651 | D:2      | Reached XP level 4. HP: 30/44 MP: 4/4
   672 | D:2      | 672 ||| Stepping ~*~*~tactically~*~*~ (stealth).
   915 | D:2      | Noticed Natasha
   916 | D:2      | 916 ||| Stepping ~*~*~tactically~*~*~ (hiding).
   921 | D:2      | Killed Natasha
   927 | D:2      | Noticed Natasha
   928 | D:2      | 928 ||| Stepping ~*~*~tactically~*~*~ (hiding).
   931 | D:2      | Killed Natasha
  1036 | D:2      | Found a blossoming altar of Fedhas.
  1103 | D:2      | Reached XP level 5. HP: 50/50 MP: 5/5
  1352 | D:2      | 1352 ||| READING scroll labelled SEMMOISKAO.
  1353 | D:2      | 1353 ||| READING scroll labelled ZIOF TEERY.
  1354 | D:2      | 1354 ||| DRINKING 3 fuming purple potions.
  1355 | D:2      | 1355 ||| DRINKING 2 viscous ruby potions.
  1355 | D:2      | Gained mutation: You heal very quickly. [potion of
                  | mutation]
  1355 | D:2      | Gained mutation: You sometimes lose your temper in combat.
                  | [potion of mutation]
  1355 | D:2      | Gained mutation: Your magical capacity is low. (-10% MP)
                  | [potion of mutation]
  1356 | D:2      | 1356 ||| DRINKING potion of mutation.
  1356 | D:2      | Lost mutation: Your magical capacity is low. (-10% MP)
                  | [potion of mutation]
  1356 | D:2      | Lost mutation: You heal very quickly. [potion of mutation]
  1356 | D:2      | Lost mutation: You sometimes lose your temper in combat.
                  | [potion of mutation]
  1356 | D:2      | Gained mutation: You have a pair of small antennae on your
                  | head. [potion of mutation]
  1356 | D:2      | Gained mutation: You are covered in thick fur. (AC +2)
                  | [potion of mutation]
  1417 | D:3      | 1417 ||| Stepping ~*~*~tactically~*~*~ (outnumbered).
  1418 | D:3      | 1418 ||| Stepping ~*~*~tactically~*~*~ (outnumbered).
  1508 | D:3      | 1508 ||| Stepping ~*~*~tactically~*~*~ (hiding).
  1566 | D:3      | Reached skill level 6 in Unarmed Combat
  1608 | D:3      | 1608 ||| Stepping ~*~*~tactically~*~*~ (stealth).
  2021 | D:3      | Found a snail-covered altar of Cheibriados.
  2026 | D:3      | Found a sacrificial altar of Ru.
  2027 | D:3      | Found an ornate altar of the Wu Jian Council.
  2028 | D:3      | 2028 ||| READING scroll labelled VECIEHEONO.
  2129 | D:3      | 2129 ||| DRINKING 2 fizzy orange potions.
  2181 | D:4      | 2181 ||| Stepping ~*~*~tactically~*~*~ (stealth).
  2316 | D:4      | Noticed an ogre
  2324 | D:4      | Killed an ogre
  2325 | D:4      | Reached skill level 7 in Unarmed Combat
  2325 | D:4      | Reached XP level 6. HP: 49/59 MP: 6/6
  2364 | D:4      | 2364 ||| Stepping ~*~*~tactically~*~*~ (stealth).
  2836 | D:4      | 2836 ||| UPGRADING to +0 cloak.
  2841 | D:4      | 2841 ||| DRINKING 3 glowing brown potions.
  2842 | D:4      | 2842 ||| DRINKING 2 fuming emerald potions.
  2946 | D:4      | 2946 ||| DROPPING 2 potions of brilliance.
  2947 | D:4      | 2947 ||| DROPPING potion of berserk rage.
  2969 | D:5      | Entered Level 5 of the Dungeon
  2999 | D:5      | 2999 ||| INVOKING Fiery Armour.
  3092 | D:5      | Reached skill level 8 in Unarmed Combat
  3092 | D:5      | Reached XP level 7. HP: 60/66 MP: 7/7
  3141 | D:5      | 3141 ||| Stepping ~*~*~tactically~*~*~ (hiding).
  3324 | D:5      | Found an iron altar of Okawaru.
  3383 | D:5      | Reached skill level 3 in Fighting
  3471 | D:5      | 3471 ||| Stepping ~*~*~tactically~*~*~ (hiding).
  3472 | D:5      | 3472 ||| Stepping ~*~*~tactically~*~*~ (hiding).
  3473 | D:5      | 3473 ||| Stepping ~*~*~tactically~*~*~ (hiding).
  3506 | D:5      | Found a bloodstained altar of Trog.
  3516 | D:5      | Reached skill level 1 in Throwing
  3571 | D:5      | Reached skill level 9 in Unarmed Combat
  3752 | D:5      | Reached skill level 1 in Dodging
  3752 | D:5      | Reached XP level 8. HP: 75/75 MP: 8/8
  3845 | D:5      | Noticed Duvessa
  3845 | D:5      | Noticed Dowan
  3846 | D:5      | 3846 ||| Stepping ~*~*~tactically~*~*~ (hiding).
  3853 | D:5      | 3853 ||| INVOKING Fiery Armour.
  3854 | D:5      | Killed Duvessa
  3855 | D:5      | Killed Dowan
  3925 | D:5      | Found a sparkling altar of Nemelex Xobeh.
  4066 | D:5      | 4066 ||| READING scroll labelled ALUTOXT COTEAL.
  4067 | D:5      | 4067 ||| READING scroll labelled MYHADY RIKIS.
  4102 | D:5      | 4102 ||| READING scroll labelled PERE NIODAENO.
  4103 | D:5      | 4103 ||| READING 4 scrolls labelled LUGHAMP HIEP.
  4104 | D:5      | 4104 ||| DROPPING 3 scrolls of blinking.
  4131 | D:6      | 4131 ||| INVOKING Fiery Armour.
  4140 | D:6      | 4140 ||| Stepping ~*~*~tactically~*~*~ (outnumbered).
  4141 | D:6      | 4141 ||| Stepping ~*~*~tactically~*~*~ (outnumbered).
  4142 | D:6      | 4142 ||| Stepping ~*~*~tactically~*~*~ (outnumbered).
  4144 | D:6      | Reached skill level 10 in Unarmed Combat
  4165 | D:6      | 4165 ||| FLEEEEING.
  4166 | D:6      | 4166 ||| FLEEEEING.
  4173 | D:6      | 4173 ||| STAIRDANCE
  4220 | D:6      | 4220 ||| FLEEEEING.
  4221 | D:6      | 4221 ||| FLEEEEING.
  4222 | D:6      | 4222 ||| FLEEEEING.
  4227 | D:6      | 4227 ||| Stepping ~*~*~tactically~*~*~ (outnumbered).
  4228 | D:6      | 4228 ||| Stepping ~*~*~tactically~*~*~ (outnumbered).
  4229 | D:6      | 4229 ||| Stepping ~*~*~tactically~*~*~ (outnumbered).
  4231 | D:6      | 4231 ||| Stepping ~*~*~tactically~*~*~ (outnumbered).
  4375 | D:6      | You fall into a shaft and drop 1 floor!
  4383 | D:7      | 4383 ||| INVOKING Fiery Armour.
  4435 | D:7      | Noticed a cyclops
  4436 | D:7      | 4436 ||| Stepping ~*~*~tactically~*~*~ (stealth).
  4437 | D:7      | 4437 ||| Stepping ~*~*~tactically~*~*~ (stealth).
  4439 | D:7      | 4439 ||| Stepping ~*~*~tactically~*~*~ (hiding).
  4440 | D:7      | 4440 ||| Stepping ~*~*~tactically~*~*~ (hiding).
  4448 | D:7      | Killed a cyclops
  4449 | D:7      | Reached skill level 11 in Unarmed Combat
  4449 | D:7      | Reached XP level 9. HP: 85/85 MP: 9/9
  4477 | D:7      | 4477 ||| Stepping ~*~*~tactically~*~*~ (stealth).
  4480 | D:7      | 4480 ||| Stepping ~*~*~tactically~*~*~ (stealth).
  4517 | D:7      | 4517 ||| Stepping ~*~*~tactically~*~*~ (hiding).
  4526 | D:7      | Reached skill level 3 in Throwing
  4558 | D:7      | 4558 ||| Stepping ~*~*~tactically~*~*~ (stealth).
  4687 | D:7      | 4687 ||| UPGRADING to +2 robe of willpower.
  4697 | D:7      | 4697 ||| DROPPING +0 robe.
  4698 | D:7      | 4698 ||| DRINKING 2 amethyst potions.
  4699 | D:7      | 4699 ||| DRINKING 2 red potions.
  4700 | D:7      | 4700 ||| READING 2 scrolls of identify.
  4700 | D:7      | 4700 ||| IDENTIFYING emerald potion
  4701 | D:7      | 4701 ||| DROPPING potion of flight.
  4702 | D:7      | 4702 ||| DROPPING potion of attraction.
  4774 | D:6      | 4774 ||| Stepping ~*~*~tactically~*~*~ (stealth).
  4776 | D:6      | 4776 ||| Stepping ~*~*~tactically~*~*~ (hiding).
  4806 | D:6      | Found a staircase to the Ecumenical Temple.
  4899 | D:6      | 4899 ||| Stepping ~*~*~tactically~*~*~ (hiding).
  5163 | D:6      | 5163 ||| UPGRADING to ring of resist corrosion.
  5237 | D:7      | Noticed a boulder beetle
  5238 | D:7      | 5238 ||| INVOKING Fiery Armour.
  5243 | D:7      | 5243 ||| Stepping ~*~*~tactically~*~*~ (stealth).
  5253 | D:7      | 5253 ||| FLEEEEING.
  5257 | D:7      | Reached skill level 12 in Unarmed Combat
  5258 | D:7      | Killed a boulder beetle
  5263 | D:7      | Reached XP level 10. HP: 43/98 MP: 10/10
  5337 | D:7      | Identified the +8 great sword of Death's Door {drain,
                  | Int+2}
  5410 | D:7      | Found an opulent altar of Gozag.
  5411 | D:7      | Found a glowing silver altar of Zin.
  5538 | D:7      | 5538 ||| Stepping ~*~*~tactically~*~*~ (hiding).
  5540 | D:7      | 5540 ||| Stepping ~*~*~tactically~*~*~ (hiding).
  5545 | D:7      | 5545 ||| Stepping ~*~*~tactically~*~*~ (outnumbered).
  5586 | D:7      | 5586 ||| Stepping ~*~*~tactically~*~*~ (hiding).
  5601 | D:7      | 5601 ||| Stepping ~*~*~tactically~*~*~ (outnumbered).
  5673 | D:7      | Identified the ring of Moral Flaws {Contam rPois rC+ MP-9
                  | Stlth+}
  5851 | D:7      | 5851 ||| UPGRADING to +0 kite shield.
  5856 | D:7      | 5856 ||| DROPPING scarf of shadows.
  5857 | D:7      | 5857 ||| UPGRADING to ring of poison resistance.
  5858 | D:7      | 5858 ||| UPGRADING to ring of Moral Flaws {Contam rPois rC+
                  | MP-9 Stlth+}.
  5860 | D:7      | 5860 ||| REMOVING ring of poison resistance.
  5861 | D:7      | 5861 ||| UPGRADING to ring of resist corrosion.
  5862 | D:7      | 5862 ||| READING 2 scrolls labelled DEGGOO NIUXINK.
  5863 | D:7      | 5863 ||| READING scroll of enchant armour.
  5863 | D:7      | 5863 ||| ENCHANTING +0 cloak.
  5864 | D:7      | 5864 ||| DRINKING 2 lumpy silvery potions.
  5865 | D:7      | 5865 ||| DROPPING potion of degeneration.
  5930 | D:8      | Reached skill level 1 in Shields
  5930 | D:8      | Noticed a two-headed ogre
  5938 | D:8      | 5938 ||| INVOKING Fiery Armour.
  5940 | D:8      | Killed a two-headed ogre
  5941 | D:8      | Reached skill level 3 in Shields
  6032 | D:8      | 6032 ||| Stepping ~*~*~tactically~*~*~ (outnumbered).
  6033 | D:8      | 6033 ||| Stepping ~*~*~tactically~*~*~ (outnumbered).
  6034 | D:8      | 6034 ||| Stepping ~*~*~tactically~*~*~ (outnumbered).
  6035 | D:8      | 6035 ||| Stepping ~*~*~tactically~*~*~ (outnumbered).
  6044 | D:8      | 6044 ||| Stepping ~*~*~tactically~*~*~ (stealth).
  6048 | D:8      | 6048 ||| Stepping ~*~*~tactically~*~*~ (stealth).
  6051 | D:8      | 6051 ||| Stepping ~*~*~tactically~*~*~ (stealth).
  6054 | D:8      | 6054 ||| Stepping ~*~*~tactically~*~*~ (hiding).
  6055 | D:8      | 6055 ||| Stepping ~*~*~tactically~*~*~ (hiding).
  6057 | D:8      | 6057 ||| Stepping ~*~*~tactically~*~*~ (hiding).
  6058 | D:8      | 6058 ||| Stepping ~*~*~tactically~*~*~ (hiding).
  6059 | D:8      | 6059 ||| Stepping ~*~*~tactically~*~*~ (hiding).
  6089 | D:8      | Found a hide-covered altar of Uskayaw.
  6114 | D:8      | 6114 ||| Stepping ~*~*~tactically~*~*~ (stealth).
  6116 | D:8      | 6116 ||| Stepping ~*~*~tactically~*~*~ (stealth).
  6118 | D:8      | 6118 ||| Stepping ~*~*~tactically~*~*~ (hiding).
  6120 | D:8      | 6120 ||| Stepping ~*~*~tactically~*~*~ (stealth).
  6135 | D:8      | 6135 ||| STAIRDANCE
  6139 | D:7      | 6139 ||| READING 2 scrolls of identify.
  6139 | D:7      | 6139 ||| IDENTIFYING fuming golden potion
  6142 | D:8      | 6142 ||| STAIRDANCE
  6173 | D:8      | 6173 ||| Stepping ~*~*~tactically~*~*~ (stealth).
  6232 | D:8      | 6232 ||| Stepping ~*~*~tactically~*~*~ (stealth).
  6276 | D:8      | Noticed a two-headed ogre
  6288 | D:8      | 6288 ||| INVOKING Fiery Armour.
  6289 | D:8      | Killed a two-headed ogre
  6361 | D:8      | 6361 ||| READING scroll of enchant armour.
  6361 | D:8      | 6361 ||| ENCHANTING +1 cloak.
  6450 | D:8      | 6450 ||| Stepping ~*~*~tactically~*~*~ (stealth).
  6460 | D:8      | Reached skill level 6 in Shields
  6515 | D:8      | Found a staircase to the Lair.
  6695 | D:8      | 6695 ||| READING 4 scrolls of teleportation.
  6712 | D:8      | 6712 ||| Stepping ~*~*~tactically~*~*~ (stealth).
  6800 | D:8      | 6800 ||| PLANNING LAIR
  6849 | Lair:1   | Entered Level 1 of the Lair of Beasts
  6850 | Lair:1   | 6850 ||| PLANNING GAUNTLET
  6891 | Lair:1   | Noticed an eight-headed hydra
  6892 | Lair:1   | 6892 ||| Stepping ~*~*~tactically~*~*~ (stealth).
  6893 | Lair:1   | 6893 ||| INVOKING Fiery Armour.
  6897 | Lair:1   | 6897 ||| Stepping ~*~*~tactically~*~*~ (stealth).
  6994 | Lair:1   | 6994 ||| Stepping ~*~*~tactically~*~*~ (stealth).
  6995 | Lair:1   | 6995 ||| INVOKING Fiery Armour.
  6998 | Lair:1   | 6998 ||| Stepping ~*~*~tactically~*~*~ (outnumbered).
  7009 | Lair:1   | Reached XP level 11. HP: 90/105 MP: 2/11
  7039 | Lair:1   | 7039 ||| Stepping ~*~*~tactically~*~*~ (stealth).
  7040 | Lair:1   | 7040 ||| Stepping ~*~*~tactically~*~*~ (stealth).
  7041 | Lair:1   | 7041 ||| Stepping ~*~*~tactically~*~*~ (stealth).
  7042 | Lair:1   | 7042 ||| Stepping ~*~*~tactically~*~*~ (stealth).
  7044 | Lair:1   | 7044 ||| Stepping ~*~*~tactically~*~*~ (stealth).
  7051 | Lair:1   | 7051 ||| Stepping ~*~*~tactically~*~*~ (stealth).
  7102 | Lair:1   | 7102 ||| Stepping ~*~*~tactically~*~*~ (stealth).
  7104 | Lair:1   | 7104 ||| Stepping ~*~*~tactically~*~*~ (stealth).
  7112 | Lair:1   | 7112 ||| Stepping ~*~*~tactically~*~*~ (outnumbered).
  7113 | Lair:1   | 7113 ||| Stepping ~*~*~tactically~*~*~ (outnumbered).
  7114 | Lair:1   | 7114 ||| Stepping ~*~*~tactically~*~*~ (outnumbered).
  7115 | Lair:1   | 7115 ||| Stepping ~*~*~tactically~*~*~ (outnumbered).
  7116 | Lair:1   | 7116 ||| Stepping ~*~*~tactically~*~*~ (outnumbered).
  7117 | Lair:1   | 7117 ||| Stepping ~*~*~tactically~*~*~ (outnumbered).
  7118 | Lair:1   | 7118 ||| Stepping ~*~*~tactically~*~*~ (outnumbered).
  7120 | Lair:1   | 7120 ||| Stepping ~*~*~tactically~*~*~ (outnumbered).
  7122 | Lair:1   | 7122 ||| Stepping ~*~*~tactically~*~*~ (outnumbered).
  7123 | Lair:1   | 7123 ||| Stepping ~*~*~tactically~*~*~ (outnumbered).
  7124 | Lair:1   | 7124 ||| Stepping ~*~*~tactically~*~*~ (outnumbered).
  7125 | Lair:1   | 7125 ||| Stepping ~*~*~tactically~*~*~ (outnumbered).
  7127 | Lair:1   | 7127 ||| Stepping ~*~*~tactically~*~*~ (outnumbered).
  7251 | Lair:1   | Found a gate leading to a gauntlet.
  7252 | Lair:1   | 7252 ||| READING scroll labelled UKIMY OQAARPHEV.
  7261 | Gauntlet | Entered a Gauntlet
  7261 | Gauntlet | Noticed a blizzard demon
  7261 | Gauntlet | Found a transporter.
  7261 | Gauntlet | Found a transporter.
  7261 | Gauntlet | Found a transporter.
  7262 | Gauntlet | Found a transporter.
  7265 | Gauntlet | Found a transporter.
  7272 | Gauntlet | Noticed a harpy
  7274 | Gauntlet | Noticed a death yak
  7274 | Gauntlet | Noticed a death yak
  7274 | Gauntlet | Noticed a death yak
  7274 | Gauntlet | Noticed a death yak
  7275 | Gauntlet | Noticed a death yak
  7275 | Gauntlet | a harpy changed into a queen bee
  7276 | Gauntlet | Noticed a necromancer
  7277 | Gauntlet | Found a transporter.
  7344 | Gauntlet | Found a transporter.
  7358 | Gauntlet | Found a transporter.
  7367 | Gauntlet | Found a transporter.
  7370 | Gauntlet | Noticed a tengu warrior
  7377 | Gauntlet | Found a transporter.
  7392 | Gauntlet | Found a transporter.
  7398 | Gauntlet | Found a transporter.
  7439 | Gauntlet | Noticed a mana viper
  7439 | Gauntlet | a merfolk changed into a mana viper
  7470 | Gauntlet | Killed a blizzard demon
  7512 | Gauntlet | Identified the +6 great sword "Moonaotu" {vorpal, *Slow
                  | Str+3 Int+6}
  7515 | Gauntlet | 7515 ||| DROPPING +1 cloak of stealth.
  7522 | Gauntlet | 7522 ||| Stepping randomly (stuck).
  7523 | Gauntlet | 7523 ||| Stepping randomly (stuck).
  7525 | Gauntlet | 7525 ||| INVOKING Fiery Armour.
  7533 | Gauntlet | Killed a necromancer
  7534 | Gauntlet | Reached skill level 9 in Shields
  7539 | Gauntlet | HP: 22/103 [death yak (8)]
  7540 | Gauntlet | 7540 ||| DRINKING 2 potions of heal wounds.
  7542 | Gauntlet | HP: 7/103 [death yak (20)]
  7542 | Gauntlet | Mangled by a death yak

Levels and vault maps discovered:
D:1:      ebering_trefoil_twist, layout_basic,
          shapermc_ecumenical_altar_totnotflames,
          corexii_item_surrounded_by_moat
D:2:      layout_basic, basic_altar, uniq_natasha
D:3:      layout_loops_ring, minitemple, serial_park_tiny_pond, kennysheep_boxes
D:4:      layout_gridville
D:5:      layout_cave_pods, amcnicky_altar_gilded,
          mainiacjoe_overflow_big_doors, minmay_increasing_density, uniq_duvessa
D:6:      layout_gridville, minmay_temple_entry_grid
D:7:      layout_basic, grunt_temple_overflow_gold_and_silver,
          minmay_misc_feat_more_columns, minmay_the_grid_2x2
          [minmay_the_grid_dragon_b, minmay_the_grid_dragon_a,
          minmay_the_grid_outer_diamond, minmay_the_grid_prize_shrinking_boxes]
D:8:      layout_loops_ring, overflow_temple_1_default, lair_entry_dummy,
          minmay_misc_feat_diagonals
Lair:1:   dragon1_lemuel, layout_gridlike, gauntlet_entry_generic, pond
Gauntlet: gammafunk_gauntlet_shortcut [nicolae_gauntlet_arena_t_cross,
          gammafunk_gauntlet_arena_teeth, gammafunk_gauntlet_arena_crates,
          gammafunk_gauntlet_arena_split_x, nicolae_gauntlet_arena_x,
          gammafunk_gauntlet_arena_arrow_garden, gauntlet_exit_hidden_loot]

Skill      XL: |  1  2  3  4  5  6  7  8  9 10 11 |
---------------+----------------------------------+-----
Unarmed Combat | 4 5 7 8 9 11 12 | 12.4
Fighting       | 3 4 5 |  5.7
Throwing       | 1 4 5 |  5.1
Dodging        | 1 |  1.4
Shields        | 7 9 |  9.1
Spellcasting   | |  1.0
Fire Magic     | |  2.1

Action                   |  1- 3 |  4- 6 |  7- 9 | 10-12 || total
-------------------------+-------+-------+-------+-------++-------
Melee: Unarmed           |    80 |   110 |   154 |   205 ||   549
       Punch             |       |     3 |     7 |       ||    10
Throw: Boomerang         |       |     4 |    26 |    10 ||    40
       Large rock        |       |       |     7 |    35 ||    42
Invok: Fiery Armour      |       |     1 |     4 |     5 ||    10
  Use: Scroll            |     5 |     3 |     5 |     6 ||    19
       Potion            |       |     6 |     2 |     2 ||    10
Armor: Robe              |    26 |    21 |    58 |   103 ||   208
Dodge: Dodged            |    26 |    34 |    58 |    68 ||   186
Block: Kite shield       |       |       |       |    71 ||    71

Table legend:
 A = Non-vault XP
 B = Vault XP
 C = Vault XP percentage of total XP
 D = Non-vault monster count
 E = Vault monster count
 F = Vault count percentage of total count
                 A         B        C        D         E       F
            +---------+---------+-------+---------+---------+-------
      Total |    9767 |    4795 |  32.9 |     189 |      22 |  10.4
            +---------+---------+-------+---------+---------+-------
        D:1 |      64 |       0 |   0.0 |      27 |       0 |   0.0
        D:2 |     109 |      33 |  23.2 |      12 |       1 |   7.7
        D:3 |     135 |       0 |   0.0 |      15 |       0 |   0.0
        D:4 |     190 |       0 |   0.0 |      11 |       0 |   0.0
        D:5 |     768 |     460 |  37.5 |      24 |      10 |  29.4
        D:6 |    1043 |       0 |   0.0 |      21 |       0 |   0.0
        D:7 |    1203 |    2727 |  69.4 |      30 |       9 |  23.1
        D:8 |    2868 |       0 |   0.0 |      28 |       0 |   0.0
     Lair:1 |    3387 |       0 |   0.0 |      21 |       0 |   0.0
   Gauntlet |       0 |    1575 | 100.0 |       0 |       2 | 100.0
            +---------+---------+-------+---------+---------+-------
